 Dungeon Crawl Stone Soup version 0.19-a0-1886-gd64a0f0 (webtiles) character file.

102 vev the Skirmisher (level 4, -4/42 HPs)
             Began as a Tengu Abyssal Knight on Oct 16, 2016.
             Was a Believer of Lugonu.
             Slain by a scorpion (5 damage)
             ... on level 3 of the Dungeon.
             The game lasted 00:04:14 (3010 turns).

vev the Skirmisher (Tengu Abyssal Knight)           Turns: 3010, Time: 00:04:15

Health: -4/42      AC: 22    Str: 12    XL:     4   Next: 77%
Magic:  15/15      EV:  2    Int: 12    God:    Lugonu [**....]
Gold:   113        SH:  0    Dex: 15    Spells: 0 memorised, 3 levels left

rFire  . . .     SeeInvis .       - Unarmed
rCold  . . .     Gourm    .     (armour currently unavailable)
rNeg   + + +     Faith    .     (no shield)
rPois  +         Spirit   .     (helmet currently unavailable)
rElec  .         Dismiss  .     (cloak currently unavailable)
rCorr  .         Reflect  .     (gloves currently unavailable)
MR     .....     Harm     .     (boots unavailable)
Stlth  +......... NoTele   +    (no amulet)
                                (no ring)
                                c - ring of magical power

@: lethally poisoned (-4 -> -9), tree-form
A: (beak), (talons 0)
a: Depart the Abyss, Bend Space, Renounce Religion


You were on level 3 of the Dungeon.
You worshipped Lugonu.
Lugonu was pleased with you.
You were hungry.
You were a tree.
You visited 1 branch of the dungeon, and saw 4 of its levels.
You visited the Abyss 1 time.

You collected 113 gold pieces.

Inventory:

Armour
 a - a +0 leather armour
 d - a +0 ring mail (melded)
 f - a +0 buckler
 h - a +0 cloak (melded)
Jewellery
 c - a ring of magical power (left branch)
Scrolls
 e - 2 scrolls of identify {unknown}
 g - 2 scrolls of enchant weapon {unknown}
 k - 2 scrolls of magic mapping {unknown}
 m - a scroll of enchant armour {unknown}
 n - a scroll of remove curse {unknown}
Potions
 i - a potion of mutation {unknown}
 j - a potion of lignification
 o - a potion of curing {unknown}
 r - a potion of flight {unknown}
 s - 2 potions of resistance {unknown}
Comestibles
 b - a bread ration
 l - 2 beef jerkies
 p - a meat ration


   Skills:
 + Level 3.5 Fighting
 + Level 2.7 Armour
 + Level 2.1 Dodging
 * Level 0.2 Shields
 + Level 3.4 Unarmed Combat
 + Level 2.2 Invocations


You had 3 spell levels left.
You didn't know any spells.

Dungeon Overview and Level Annotations

Branches:
Dungeon (4/15)
 Temple: D:4-7

Altars:

Annotations:
D:3 vev's ghost, amateur TeAK


Innate Abilities, Weirdness & Mutations

((You have a beak for a mouth.))
((You have claws for feet.))


Message History

You feel sick. The scorpion stings you.
* * * LOW HITPOINT WARNING * * *
You barely miss the scorpion. You claw the scorpion.
The scorpion is moderately wounded.
* * * LOW HITPOINT WARNING * * *
You feel sick. The scorpion closely misses you.
It was a potion of lignification.
You turn into a tree.
Your +0 cloak melds into your body.
Your +0 ring mail melds into your body.
Your roots penetrate the ground.
You feel sick.
The scorpion stings you but does no damage.
You smack the scorpion!
You punch the scorpion, but do no damage.
The scorpion is almost dead.
The scorpion stings you.
* * * LOW HITPOINT WARNING * * *
You barely miss the scorpion.
The scorpion is almost dead.
* * * LOW HITPOINT WARNING * * *
You feel sick. The scorpion stings you.
You die...

#.# #....# #######..##
#.#
#....####.........####
#.#
#.......'........)'>.##
#.#
##...#.##.........##...
#.#
#...#.###.......###.##
#.####.#.#.###......##
#.##
#......#..W>...#...##
#.# #####..###s######'##
#.# ##.# #♣# #.# #.#
####.# #.# #.# ####
#..W.##########.## #####
#.##.............###.
...
#.############....#.#
#.##.........#...##.#
#.##.#######........####
#.#..# #...#######...##
#W#.## ##.# ###...


You could see a scorpion and vev's ghost.

Vanquished Creatures
  3 adders (D:2)
  An ooze (D:3)
  2 worms
  2 dart slugs (D:2)
  2 leopard geckos
  A giant cockroach (D:1)
  5 goblins
  14 hobgoblins
  7 jackals (D:1)
  5 kobolds
  5 bats
  2 frilled lizards
  4 rats
53 creatures vanquished.

Notes
Turn   | Place    | Note
-------+----------+-------------------------------------------
     0 | Abyss:1  | vev the Tengu Abyssal Knight began the quest for the Orb.
     0 | Abyss:1  | Reached XP level 1. HP: 14/14 MP: 3/3
    16 | D:1      | Escaped the Abyss
   249 | D:1      | Reached XP level 2. HP: 9/19 MP: 4/4
  1094 | D:1      | Reached XP level 3. HP: 9/23 MP: 5/5
  1631 | D:2      | Reached skill level 2 in Invocations
  1735 | D:2      | Reached skill level 2 in Dodging
  1735 | D:2      | Reached skill level 3 in Unarmed Combat
  1752 | D:2      | Reached ** piety under Lugonu
  1767 | D:2      | Reached XP level 4. HP: 18/28 MP: 6/6
  2382 | D:3      | Noticed vev's ghost (amateur TeAK)
  3009 | D:3      | HP: 2/42 [scorpion (6)]
  3010 | D:3      | Slain by a scorpion

Vault maps used:
D:1:      roderic_chinese_lattice_arrival
D:3:      serial_co_window_serial, co_window_corner_a, co_window_corner_a,
          co_window_paths_b, co_window_of_opportunity_a, co_window_corner_a,
          co_window_of_opportunity_c, co_window_of_opportunity_b,
          co_window_unsneaky_path_e, co_window_unsneaky_path_a,
          co_window_unsneaky_path_d, co_window_4corner_b, co_window_sun,
          glass_columns_c, glass_columns_a, glass_columns_b, minivault_27
D:4:      kennysheep_six_static_rooms, solitary_fountain

Skill      XL: |  1  2  3 |
---------------+----------+-----
Invocations    | 2 |  2.2
Dodging        | 2 |  2.1
Unarmed Combat | 3 |  3.4
Fighting       | |  3.5
Armour         | |  2.7
Shields        | |  0.2

Action                   |  1- 3 |  4- 6 || total
-------------------------+-------+-------++-------
Melee: Unarmed           |   113 |    76 ||   189
       Kick              |    23 |    17 ||    40
       Peck              |    18 |    15 ||    33
       Punch             |       |     1 ||     1
  Use: Potion            |       |     1 ||     1
  Eat: Chunk             |     3 |     3 ||     6
Armor: Ring mail         |    39 |    18 ||    57
       Skin              |       |     1 ||     1
Dodge: Dodged            |    62 |    36 ||    98
